 Dungeon Crawl Stone Soup version 0.23-a0-182-g58cdd98 (webtiles) character file.

168485 Amnesiac the Spry (level 17, -9/98 (99) HPs)
             Began as a Spriggan Monk on Sept 20, 2018.
             Was the Champion of Ru.
             Killed from afar by a deep elf mage (34 damage)
             ... with a bolt of lightning
             ... on level 3 of the Elven Halls.
             The game lasted 01:15:34 (30927 turns).

Amnesiac the Spry (Spriggan Monk)                  Turns: 30927, Time: 01:15:34

HP:   -9/98 (99)    AC:  5    Str: 10    XL:     17   Next: 33%
MP:   25/30         EV: 32    Int: 15    God:    Ru [******]
Gold: 2194          SH:  8    Dex: 19    Spells: 16/32 levels left

rFire    . . .     SeeInvis +   a - +3 dagger (distort)
rCold    + . .     Gourm    .   G - +0 buckler
rNeg     . . .     Faith    .   o - +1 troll leather armour
rPois    .         Spirit   .   Q - +0 hat {SInv}
rElec    .         Reflect  .   (no cloak)
rCorr    .         Harm     +   (gloves unavailable)
MR       ++++.                  (boots unavailable)
Stlth    ++++......             h - amulet of harm
HPRegen  0.66/turn              V - ring of Oraweymn {Wiz MR++}
MPRegen  0.22/turn              O - ring of protection from cold

@: exhausted, about to teleport, no potions, studying 2 skills, heavily drained,
very quick
A: very small, unfitting armour, see invisible, herbivore, speed 3, slow
metabolism 2, inability to drink while threatened, hated by all, inability to
train armour, no charms magic, no necromancy magic, no poison magic, unskilled 1
a: Draw Out Power, Power Leap, Apocalypse, Renounce Religion


You were on level 3 of the Elven Halls.
You worshipped Ru.
Ru was exalted by your worship.
You were not hungry.

You visited 5 branches of the dungeon, and saw 23 of its levels.
You also visited: Ice Cave and Desolation.

You collected 2365 gold pieces.
You spent 171 gold pieces at shops.

Inventory:

Hand Weapons
 a - a +3 dagger of distortion (weapon)
 T - a +0 demon blade
 U - the +6 arbalest "Koeplee" {penet, Str+3, unknown}
   (You found it in the Desolation of Salt)

   Ammo fired by it will pass through the targets it hits, potentially hitting
   all targets in its path until it reaches maximum range.
   It affects your strength (+3).
 W - the cursed +2 rapier of the Dungeon {flame, rElec rF+ Dex+4, unknown}
   (You found it in the Desolation of Salt)

   It has been specially enchanted to burn those struck by it, causing extra
   injury to most foes and up to half again as much damage against particularly
   susceptible opponents.
   It affects your dexterity (+4).
   It protects you from fire.
   It insulates you from electricity.
   It has a curse placed upon it.
Missiles
 x - 67 poisoned needles
 N - 12 curare-tipped needles
Armour
 o - a +1 troll leather armour (worn)
 y - a +2 robe of magic resistance
 G - a +0 buckler (worn)
 Q - a +0 hat of see invisible (worn)
 R - a +0 robe of cold resistance
 Y - the +1 robe "Zarhei" {rElec Str+4 Dex+2 Slay+2, unknown}
   (You found it on level 3 of the Elven Halls)

   It affects your strength (+4).
   It affects your dexterity (+2).
   It affects your accuracy and damage with ranged weapons and melee attacks
   (+2).
   It insulates you from electricity.
Jewellery
 e - an uncursed ring of positive energy
 h - an amulet of harm (around neck)
 k - an uncursed ring of positive energy
 O - a ring of protection from cold (right hand)
 V - the ring of Oraweymn (left hand) {Wiz MR++}
   (You found it in the Desolation of Salt)

   [ring of wizardry]

   It improves your spell success rate.
   It affects your resistance to hostile enchantments.
Wands
 d - a wand of digging (12)
 u - a wand of paralysis (6)
 z - a wand of flame (59)
 J - a wand of random effects (23)
 S - a wand of acid (21)
Scrolls
 f - 8 scrolls of teleportation {!r}
 i - 13 scrolls of remove curse {!r}
 m - 2 scrolls of silence {!r}
 q - 4 scrolls of enchant armour {!r}
 s - 4 scrolls of immolation {!r}
 v - 7 scrolls of fear {!r}
 B - a scroll of amnesia {!r}
 C - 4 scrolls of identify {!r}
 H - a scroll of fog {!r}
 K - 3 scrolls of magic mapping {!r}
 L - 2 scrolls of blinking {!r}
 P - 2 scrolls of enchant weapon {!r}
Potions
 b - 4 potions of invisibility {!q}
 g - 3 potions of brilliance {!q}
 j - 4 potions of agility {!q}
 l - 5 potions of flight {!q}
 n - 5 potions of haste {!q}
 p - 5 potions of mutation {!q}
 r - 6 potions of curing {!q}
 t - 5 potions of might {!q}
 A - 2 potions of berserk rage {!q}
 E - 2 potions of ambrosia {!q}
 F - 2 potions of lignification {!q}
 I - 2 potions of resistance {!q}
 M - 4 potions of heal wounds {!q}
Books
 D - a manual of Conjurations
 X - a manual of Fighting
Miscellaneous
 w - a phial of floods (inert)
Comestibles
 c - 25 rations


   Skills:
 + Level 15.2(13.0) Fighting
 - Level 10.0(8.1) Short Blades
 - Level 18.9(16.5) Dodging
 - Level 10.0(8.1) Stealth
 - Level 7.2(5.4) Shields
 - Level 8.0(6.1) Spellcasting
 - Level 8.0(6.1) Hexes
 - Level 10.0(8.1) Evocations


You had 16 spell levels left.
You knew the following spells:

 Your Spells              Type           Power        Failure   Level  Hunger
a - Apportation           Tloc           #.....       9%          1    None
b - Cause Fear            Hex            ###.......   8%          4    ####...
c - Yara's Violent Unrav  Hex/Tmut       ##........   54%         5    ######.
s - Silence               Hex/Air        ##........   54%         5    ######.
z - Confusing Touch       Hex            ###...       1%          1    None

Your spell library contained the following spells:

 Spells                   Type           Power        Failure   Level  Hunger
 Freeze                   Ice            #...         9%          1    None
 Lesser Beckoning         Tloc           #.........   26%         3    ##.....
 Teleport Other           Tloc           #.......     26%         3    ##.....
 Force Lance              Conj/Tloc      #.......     63%         4    ####...
 Bolt of Magma            Conj/Fire/Erth #.........   91%         5    ######.
 Iron Shot                Conj/Erth      #.........   100%        6    #######
 Orb of Destruction       Conj           #.........   100%        7    #######
 Discord                  Hex            ###.......   100%        8    #######
 Animate Skeleton         Necr           Unusable     N/A         1    N/A
 Sting                    Conj/Pois      Unusable     N/A         1    N/A
 Summon Small Mammal      Summ           Unusable     N/A         1    N/A
 Poisonous Vapours        Pois/Air       Unusable     N/A         2    N/A
 Mephitic Cloud           Conj/Pois/Air  Unusable     N/A         3    N/A
 Regeneration             Chrm/Necr      Unusable     N/A         3    N/A
 Olgreb's Toxic Radiance  Pois           Unusable     N/A         4    N/A
 Iskenderun's Battlesphe  Conj/Chrm      Unusable     N/A         5    N/A
 Summon Forest            Summ/Tloc      Unusable     N/A         5    N/A
 Venom Bolt               Conj/Pois      Unusable     N/A         5    N/A
 Deflect Missiles         Chrm/Air       Unusable     N/A         6    N/A
 Haunt                    Necr/Summ      Unusable     N/A         7    N/A
 Spellforged Servitor     Conj/Summ      Unusable     N/A         7    N/A
 Borgnjor's Revivificati  Necr           Unusable     N/A         8    N/A
 Death's Door             Chrm/Necr      Unusable     N/A         8    N/A
 Infestation              Necr           Unusable     N/A         8    N/A
 Necromutation            Tmut/Necr      Unusable     N/A         8    N/A

Dungeon Overview and Level Annotations

Branches:
Dungeon (11/15)            Temple (1/1) D:4            Lair (6/6) D:8
 Shoals (0/4) Lair:4        Snake (0/4) Lair:2        Slime (0/5) Lair:5
    Orc (2/2) D:11            Elf (3/3) Orc:2

Altars:
Ashenzari
Cheibriados
Dithmenos
Elyvilon
Fedhas
Gozag
Hepliaklqana
Kikubaaqudgha
Makhleb
Nemelex Xobeh
Okawaru
Qazlal
Ru
Sif Muna
Trog
Uskayaw
Vehumet
Wu Jian
Xom
Yredelemnul
Zin
The Shining One
Beogh

Shops:
D:5 ?   Orc:1 }(!   Orc:2 *=(%

Annotations:
Abyss:1 Nikola


Innate Abilities, Weirdness & Mutations

You are very small and have problems with some larger weapons.
You are too small for most types of armour.
You have supernaturally acute eyesight. (SInv)
You are a herbivore.
You cover ground extremely quickly.
You need to consume almost no food.
You cannot drink potions while threatened.
You are hated by all.
You cannot train Armour skill.
You cannot study or cast Charms magic.
You cannot study or cast Necromancy magic.
You cannot study or cast Poison magic.
You are somewhat unskilled. (-1 Apt)


Message History

A deep elf archer comes into view. It is wielding a fine flail {crush}.
Found a wand of random effects (35).
You redirect the deep elf archer's attack!
The deep elf mage falters for a moment.
You see here a box of beasts.
The deep elf archer unwields an uncursed rapier.
The deep elf archer wields an uncursed shortbow.
The deep elf archer shoots an arrow.
The arrow misses you.
Found a weird jewelled staff and 15 stones.
You see here a manual of Conjurations.
D - a manual of Conjurations The deep elf mage casts a spell.
The deep elf mage conjures a globe of magical energy!
A battlesphere comes into view.
You reveal the great annihilating truth to your foes!
You kill the deep elf mage! x2; You destroy the battlesphere!
You kill the deep elf archer!
You kill the ice beast!
You kill the deep elf archer!
You kill the deep elf mage!
You feel drained.
You hear a shout!
You can drink potions again.
Found a ration and a dagger.
You see here a box of beasts.
Found a book of Cantrips and a runed hand crossbow.
X - a manual of Fighting
Found an uncursed short sword and a dagger.
You see here a wand of digging (16).
Found a twisted glowing staff and a metal-bound book.
Found a colourful robe, a sack of spiders and a long glowing staff.
Found a runed shield.
You see here a phial of floods.
You see here 15 stones.
Autopickup is now off.
You see here a dagger.
You see here a book of Cantrips.
You see here a Necronomicon.
You pick up a Necronomicon and begin reading...
Unfortunately, it added no spells to the library.
You see here a colourful robe.
Y - a colourful robe Really read
f - 9 scrolls of teleportation {!r}?
As you read the scroll of teleportation {!r}, it crumbles to dust.
You feel strangely unstable.
Evoke which item? (* to show all) (? for menu, Esc to quit)
Aim the phial where?
Press: ? - help, Shift-Dir - straight line, f - deep elf annihilator
Aim: a deep elf annihilator, wielding a long sword The torrent of water hits the deep elf annihilator.
The deep elf annihilator is heavily wounded.
The deep elf annihilator is knocked back by the torrent of water.
The deep elf annihilator slams into the stone wall!
The wave splashes down.
The water rises up and takes form.
The deep elf annihilator begins to cast a spell, but is stunned by your will!
Evoke which item? (* to show all) (? for menu, Esc to quit)
Aiming: Throw Flame
Press: ? - help, Shift-Dir - straight line, f/p - deep elf annihilator
Aim: a deep elf annihilator, wielding a long sword (heavily wounded)
The puff of flame misses the deep elf annihilator.
The deep elf annihilator is engulfed in a cloud of scalding steam.
The deep elf mage casts a spell at you.
The bolt of lightning hits the water elemental.
The water elemental resists.
The bolt of lightning hits you!
You feel threatened and lose the ability to drink potions!
You die...

...##..........e.#.
?##..........###'.
#...........##.e.
...........##..)(
..........###)e.$
.......###./.}|$
###########))(..%#
#.|.)..≈/.).)}(|##
#@}.))%Ee:).)..##
#[.|.:)e§../.%##
###############


You could see a deep elf annihilator, a water elemental and a deep elf mage.

Vanquished Creatures
  2 deep elf blademasters (Elf:3)
  2 deep elf master archers (Elf:3)
  Donald (Elf:2)
  A frost giant (IceCv)
  4 deep elf sorcerers
  2 imperial myrmidons (Desolation)
  An orc warlord (Orc:2)
  2 deep elf elementalists (Elf:3)
  2 halazid warlocks (Desolation)
  2 deep elf demonologists (Elf:3)
  3 deep elf annihilators (Elf:3)
  A crystal guardian (Desolation)
  2 deep elf death magi (Elf:3)
  A deep elf high priest (Elf:3)
  9 servants of whispers (Desolation)
  2 hydras
  6 peacekeepers (Desolation)
  4 ragged hierophants (Desolation)
  A death knight (D:11)
  An anaconda (Lair:5)
  Erica (Lair:2)
  16 two-headed ogres
  20 dancing weapons
  4 ogre magi (Orc:2)
  An orc high priest (Orc:1)
  Urug (Orc:2)
  Nergalle (D:10)
  Sonja (D:10)
  7 deep elf knights (Elf:2)
  An unseen horror (D:10)
  3 ironbrand convokers (Desolation)
  An orc knight (Orc:2)
  4 deep elf archers
  22 deep elf magi
  A cyclops (shapeshifter) (Elf:3)
  An ugly thing (D:11)
  A centaur zombie (D:11)
  12 elephants
  A cyclops (D:11)
  5 guardian serpents (Desolation)
  Joseph (Lair:1)
  6 black mambas
  Psyche (D:10)
  A gargoyle (D:11)
  21 spiny frogs
  2 ice statues (IceCv)
  3 rime drakes
  10 komodo dragons
  4 trolls
  3 hornets
  51 saltlings (Desolation)
  2 tyrant leeches (Lair:6)
  13 polar bears (IceCv)
  23 blink frogs
  2 dream sheep (Lair:3)
  2 air elementals
  12 hippogriffs
  A spriggan (D:7)
  A shadow (D:11)
  Sigmund (D:4)
  A water elemental (Elf:3)
  39 yaks
  A wyvern (D:10)
  A hungry ghost (D:9)
  A basilisk (Lair:4)
  2 fire elementals
  6 vampire mosquitoes (Lair:6)
  2 wargs (Orc:1)
  3 nagas (Lair:2)
  3 soldier ants (Lair:3)
  An acid dragon (D:11)
  Duvessa (D:4)
  13 water moccasins
  5 porcupines
  17 orc warriors
  5 black bears
  A black bear (shapeshifter) (Elf:1)
  2 necrophages
  3 sky beasts
  23 wolves
  25 ogres
  3 phantoms
  9 centaurs
  7 crocodiles
  A big kobold (D:7)
  2 earth elementals
  20 bullfrogs
  2 gnoll sergeants
  Blork the orc (D:4)
  8 scorpions
  Dowan (D:4)
  3 killer bees (D:11)
  8 wights
  7 electric eels
  A howler monkey (D:11)
  4 crimson imps
  A bullfrog zombie (D:9)
  4 hounds
  16 orc priests
  17 jellies
  14 orc wizards
  Ijyb (D:5)
  Jessica (D:2)
  A bullfrog skeleton (D:5)
  An iguana (D:8)
  Natasha (thrice) (D:2 D:1)
  22 worker ants
  A hound zombie (D:8)
  A hound skeleton (D:11)
  4 gnolls
  A howler monkey skeleton (D:9)
  9 adders
  2 shadow imps
  4 oozes
  4 worms
  A dart slug (D:3)
  5 leopard geckos
  84 orcs
  A ball python (D:5)
  5 giant cockroaches
  7 goblins
  8 hobgoblins
  19 jackals
  3 quokkas
  9 bats
  10 frilled lizards
  18 kobolds
  2 leopard gecko skeletons
  2 rats
  36 plants
862 creatures vanquished.

Vanquished Creatures (others)
  The ghost of nht the Black Belt, an adept DsBe of Trog (Elf:2)
  A deep elf sorcerer (Elf:3)
  A deep elf elementalist (Elf:3)
  A deep elf annihilator (Elf:3)
  A deep elf death mage (Elf:3)
  A ragged hierophant (Desolation)
  4 hydras
  2 dancing weapons (Elf:2)
  A queen ant (Lair:3)
  An ugly thing (D:11)
  A deep elf mage (Elf:1)
  An orc sorcerer (Orc:2)
  An oklob plant (Lair:2)
  A black mamba (Lair:6)
  4 elephants
  A molten gargoyle (Desolation)
  A centaur zombie (D:11)
  5 spiny frogs (Lair:6)
  2 komodo dragons
  2 ice devils (Lair:4)
  A troll (D:11)
  A polar bear (IceCv)
  4 saltlings (Desolation)
  3 blink frogs (Lair:6)
  A tyrant leech (Lair:6)
  7 yaks
  A water elemental (Elf:3)
  A basilisk (Lair:4)
  2 water moccasins
  5 orc warriors
  5 ogres (Orc:2)
  A necrophage (D:11)
  2 wolves (Lair:5)
  A crocodile (Lair:3)
  2 bullfrogs
  A killer bee (D:11)
  A wight (D:11)
  A crimson imp (D:11)
  A bullfrog zombie (D:11)
  A jelly (Lair:5)
  An orc priest (Orc:1)
  An orc wizard (Orc:1)
  2 worker ants (Lair:3)
  4 orcs
  A bush (Lair:4)
  15 fungi
  20 plants
119 creatures vanquished.

Grand Total: 981 creatures vanquished

Notes
Turn   | Place    | Note
-------+----------+-------------------------------------------
     0 | D:1      | Amnesiac the Spriggan Monk began the quest for the Orb.
     0 | D:1      | Reached XP level 1. HP: 11/11 MP: 2/2
   201 | D:1      | Reached XP level 2. HP: 12/16 MP: 3/3
   402 | D:1      | Reached skill level 5 in Dodging
   608 | D:2      | Reached XP level 3. HP: 17/19 MP: 4/4
   844 | D:3      | Found a hide-covered altar of Uskayaw.
   897 | D:2      | Noticed Jessica
  1166 | D:2      | Killed Jessica
  1166 | D:2      | Reached skill level 6 in Dodging
  1166 | D:2      | Reached XP level 4. HP: 18/23 MP: 5/5
  1211 | D:3      | Noticed a bullfrog
  1223 | D:3      | Killed a bullfrog
  1223 | D:3      | Reached skill level 7 in Dodging
  1423 | D:3      | Reached XP level 5. HP: 26/28 MP: 6/6
  1585 | D:4      | Noticed Sigmund
  1738 | D:4      | Killed Sigmund
  1738 | D:4      | Reached skill level 8 in Dodging
  1738 | D:4      | Reached XP level 6. HP: 13/32 MP: 7/7
  1809 | D:4      | Noticed Dowan
  1821 | D:5      | Entered Level 5 of the Dungeon
  1959 | D:5      | Reached skill level 9 in Dodging
  2001 | D:5      | Found Benlora's Magic Scroll Boutique.
  2032 | D:5      | Noticed Ijyb
  2270 | D:5      | Noticed a hornet
  2529 | D:5      | Reached XP level 7. HP: 21/37 MP: 8/8
  2887 | D:4      | Reached skill level 10 in Dodging
  3274 | D:4      | Found a staircase to the Ecumenical Temple.
  3277 | D:4      | Noticed Duvessa
  3302 | Temple   | Entered the Ecumenical Temple
  3401 | D:4      | Killed Dowan
  3442 | D:4      | Killed Duvessa
  3442 | D:4      | Reached skill level 11 in Dodging
  3651 | D:4      | Reached XP level 8. HP: 36/42 MP: 9/9
  3712 | D:4      | Found a sparkling altar of Nemelex Xobeh.
  3950 | D:2      | Noticed Natasha
  3962 | D:2      | Killed Natasha
  3975 | D:2      | Noticed Natasha
  4164 | D:1      | Killed Natasha
  4164 | D:1      | Reached skill level 5 in Short Blades
  4164 | D:1      | Reached skill level 5 in Stealth
  4208 | D:1      | Noticed Natasha
  4218 | D:1      | Killed Natasha
  4570 | D:2      | Found an ornate altar of the Wu Jian Council.
  4571 | D:2      | Found a glowing silver altar of Zin.
  4571 | D:2      | Found a shimmering altar of Xom.
  4572 | D:2      | Found an opulent altar of Gozag.
  4852 | D:3      | Found a bloodstained altar of Trog.
  5161 | D:4      | Found a glowing golden altar of the Shining One.
  5272 | D:4      | Noticed Blork the orc
  5303 | D:4      | Killed Blork the orc
  5492 | D:4      | Found an ancient bone altar of Kikubaaqudgha.
  5797 | D:5      | Killed Ijyb
  5821 | D:5      | Killed a hornet
  6026 | D:5      | Bought a scroll of random uselessness for 10 gold pieces
  6026 | D:5      | Bought a scroll of fear for 35 gold pieces
  6178 | D:6      | Found a radiant altar of Vehumet.
  6691 | D:6      | Got an iridescent dagger
  6857 | D:6      | Reached XP level 9. HP: 45/45 MP: 10/10
  7288 | D:7      | Found a hazy altar of Hepliaklqana.
  7390 | D:7      | Reached skill level 1 in Evocations
  7790 | D:8      | Found a staircase to the Lair.
  7945 | D:8      | Reached skill level 5 in Evocations
  8054 | D:8      | Noticed a two-headed ogre
  8061 | D:8      | Identified the +10 dagger of the Vaults {pierce, Fragile
                  | rN+ Str+4 Dex+2} (You found it on level 6 of the Dungeon)
  8081 | D:8      | Killed a two-headed ogre
  8099 | D:8      | Reached skill level 10 in Evocations
  8166 | D:8      | Reached XP level 10. HP: 44/51 MP: 18/18
  8471 | D:8      | Reached skill level 5 in Fighting
  8657 | D:9      | Reached skill level 12 in Dodging
  8707 | D:9      | Found a stormy altar of Qazlal.
  8801 | D:9      | Found a sacrificial altar of Ru.
  8809 | D:9      | Became a worshipper of Ru the Awakened
  8827 | D:9      | Gained mutation: You cannot study or cast Poison magic. [Ru
                  | sacrifice]
  8827 | D:9      | Gained mutation: You cannot study or cast Necromancy magic.
                  | [Ru sacrifice]
  8827 | D:9      | Gained mutation: You cannot study or cast Charms magic. [Ru
                  | sacrifice]
  8827 | D:9      | Reached * piety under Ru
 10769 | D:10     | Entered Level 10 of the Dungeon
 10777 | D:10     | Noticed an unseen horror
 10781 | D:10     | Killed an unseen horror
 10781 | D:10     | Reached skill level 10 in Short Blades
 10781 | D:10     | Reached skill level 10 in Stealth
 10993 | D:10     | Noticed Psyche
 11029 | D:10     | Learned a level 4 spell: Cause Fear
 11123 | D:10     | Found a radiant altar of Vehumet.
 11187 | D:10     | Reached skill level 1 in Spellcasting
 11187 | D:10     | Reached skill level 1 in Hexes
 11266 | D:10     | Killed Psyche
 11266 | D:10     | Reached XP level 11. HP: 44/55 MP: 19/19
 11281 | D:10     | Noticed Sonja
 11414 | D:10     | Noticed Nergalle
 11416 | D:10     | Killed Nergalle
 11433 | D:10     | Killed Sonja
 11595 | D:11     | Gained mutation: You cannot train Armour skill. [Ru
                  | sacrifice]
 11595 | D:11     | Reached ** piety under Ru
 11775 | D:11     | Found a staircase to the Orcish Mines.
 11899 | D:11     | Reached skill level 5 in Hexes
 11917 | D:11     | Reached skill level 5 in Spellcasting
 11957 | D:11     | Noticed a red ugly thing
 11961 | D:11     | Noticed a death knight
 12925 | D:11     | Noticed a cyan ugly thing
 12970 | D:11     | Killed a white ugly thing
 12980 | D:11     | Banished a cyan ugly thing
 13539 | D:11     | Noticed an eight-headed hydra
 14039 | D:11     | Banished an eight-headed hydra
 14888 | D:11     | Killed a death knight
 14918 | D:11     | Reached XP level 12. HP: 44/61 MP: 25/25
 15244 | Orc:1    | Entered Level 1 of the Orcish Mines
 15244 | Orc:1    | Found a roughly hewn altar of Beogh.
 15244 | Orc:1    | Found Atatoti's Weapon Shoppe.
 15247 | Orc:1    | Found Dyci's Distillery.
 15302 | Orc:1    | Bought a potion of might for 56 gold pieces
 15302 | Orc:1    | Bought a potion of berserk rage for 70 gold pieces
 15404 | Orc:2    | Entered Level 2 of the Orcish Mines
 15404 | Orc:2    | Noticed an orc warlord
 15572 | Lair:1   | Entered Level 1 of the Lair of Beasts
 15639 | Lair:1   | Noticed Joseph
 15954 | Lair:1   | Killed Joseph
 16510 | Lair:1   | Noticed a six-headed hydra
 16516 | Lair:1   | Banished a six-headed hydra
 16643 | Lair:1   | Gained mutation: You are hated by all. [Ru sacrifice]
 16643 | Lair:1   | Reached *** piety under Ru
 16643 | Lair:1   | Reached **** piety under Ru
 17009 | Lair:1   | Reached skill level 13 in Dodging
 17334 | Lair:2   | Found a staircase to the Snake Pit.
 17595 | Lair:2   | Reached skill level 1 in Shields
 17618 | Lair:2   | Noticed Erica
 17720 | Lair:2   | Found a shadowy altar of Dithmenos.
 17987 | Lair:2   | Killed Erica
 18769 | Lair:2   | Reached skill level 5 in Shields
 18793 | Lair:3   | Noticed a four-headed hydra
 18820 | Lair:3   | Killed a four-headed hydra
 19023 | Lair:3   | Gained mutation: You cannot drink potions while threatened.
                  | [Ru sacrifice]
 19023 | Lair:3   | Reached ***** piety under Ru
 19032 | Lair:3   | Reached XP level 13. HP: 65/68 MP: 26/26
 20069 | Lair:4   | Found a frozen archway.
 20092 | IceCv    | Entered an ice cave
 20512 | IceCv    | Noticed a frost giant
 20519 | IceCv    | Killed a frost giant
 21007 | Lair:4   | Found a staircase to the Shoals.
 21528 | Lair:4   | Reached skill level 14 in Dodging
 21836 | Lair:5   | Reached skill level 10 in Fighting
 22109 | Lair:5   | Found the +7 Singing Sword
 22219 | Lair:5   | Learned a level 1 spell: Confusing Touch
 22266 | Lair:5   | Found a staircase to the Slime Pits.
 22558 | Lair:5   | Found an opulent altar of Gozag.
 22955 | Lair:6   | Entered Level 6 of the Lair of Beasts
 22999 | Lair:6   | Reached XP level 14. HP: 76/76 MP: 27/27
 23138 | Lair:6   | Reached skill level 15 in Dodging
 24156 | Lair:6   | Reached skill level 16 in Dodging
 25224 | Orc:2    | Killed an orc warlord
 25362 | Orc:2    | Found a staircase to the Elven Halls.
 25412 | Orc:2    | Found Wefiete's Weapon Boutique.
 25413 | Orc:2    | Found Kotogem's General Store.
 25413 | Orc:2    | Found Himef's Jewellery Boutique.
 25413 | Orc:2    | Found Ynumiom's Food Emporium.
 25416 | Orc:2    | Reached XP level 15. HP: 53/84 MP: 28/28
 25416 | Orc:2    | Reached skill level 17 in Dodging
 25612 | Orc:2    | Gained mutation: You are somewhat unskilled. (-1 Apt) [Ru
                  | sacrifice]
 25612 | Orc:2    | Reduced skill Dodging to level 15
 25612 | Orc:2    | Reached ****** piety under Ru
 25629 | Orc:2    | Noticed Urug
 25700 | Orc:2    | Killed Urug
 25703 | Orc:2    | Learned a level 1 spell: Apportation
 25718 | Orc:2    | Learned a level 5 spell: Silence
 25724 | Orc:2    | Learned a level 5 spell: Yara's Violent Unravelling
 25737 | Orc:2    | Reached skill level 16 in Dodging
 25935 | Orc:1    | Found Lygi Roost's Gadget Shoppe.
 26120 | Orc:2    | Found a roughly hewn altar of Beogh.
 26527 | Orc:1    | Found a bloodstained altar of Trog.
 26621 | Elf:1    | Entered Level 1 of the Elven Halls
 26920 | Elf:1    | Found a ruined gateway.
 26940 | Desolati | Entered the Desolation of Salt
 27048 | Desolati | Noticed an imperial myrmidon
 27051 | Desolati | Reached skill level 10 in Short Blades
 27051 | Desolati | Killed an imperial myrmidon
 27060 | Desolati | Got a scorched steel ring
 27061 | Desolati | Identified the Handbook of Orientation and the Frostbite
 27064 | Desolati | Identified the ring "Zejur" {*Tele rC+} (You found it in
                  | the Desolation of Salt)
 27140 | Desolati | Reached skill level 10 in Stealth
 27140 | Desolati | Reached skill level 10 in Evocations
 27552 | Desolati | Got a fine ivory ring
 27554 | Desolati | Identified the ring of Buczopiu {rN+ SInv Stlth-} (You
                  | found it in the Desolation of Salt)
 27638 | Desolati | Noticed an imperial myrmidon
 27663 | Desolati | Killed an imperial myrmidon
 27681 | Desolati | Identified Sif Muna's Incunabulum of Creative Augmentations
 27785 | Desolati | Got a transparent arbalest
 27791 | Desolati | Got a crude marble ring
 27794 | Desolati | Got a scorched rapier
 27796 | Desolati | Identified the ring of Oraweymn {Wiz MR++} (You found it in
                  | the Desolation of Salt)
 27838 | Desolati | Reached XP level 16. HP: 90/90 MP: 29/29
 28069 | Desolati | Reached skill level 17 in Dodging
 28699 | Elf:1    | Found an ancient bone altar of Kikubaaqudgha.
 28927 | Elf:2    | Noticed Nikola
 28938 | Elf:2    | Banished Nikola
 29081 | Elf:2    | Found a runed gate.
 29102 | Elf:2    | Found a runed gate.
 29103 | Elf:2    | Found a runed gate.
 29122 | Elf:2    | Noticed nht's ghost (adept DsBe)
 29131 | Elf:2    | Banished nht's ghost
 29222 | Elf:2    | Found a runed door.
 29245 | Elf:2    | Found a runed door.
 29557 | Elf:2    | Noticed Donald
 29560 | Elf:2    | Killed Donald
 29632 | Elf:2    | Reached skill level 18 in Dodging
 30102 | Elf:3    | Entered Level 3 of the Elven Halls
 30491 | Elf:3    | Noticed a deep elf blademaster
 30496 | Elf:3    | Noticed a deep elf blademaster
 30508 | Elf:3    | Noticed a Tzitzimitl
 30509 | Elf:3    | Noticed a deep elf master archer
 30515 | Elf:3    | Killed a deep elf blademaster
 30515 | Elf:3    | Reached XP level 17. HP: 57/97 MP: 22/30
 30519 | Elf:3    | Killed a deep elf blademaster
 30519 | Elf:3    | Killed a deep elf master archer
 30524 | Elf:3    | Noticed a deep elf master archer
 30527 | Elf:3    | HP: 4/97 [deep elf annihilator/crystal spear (48)]
 30718 | Elf:3    | Reached skill level 15 in Fighting
 30718 | Elf:3    | Killed a deep elf master archer
 30922 | Elf:3    | Got a colourful robe
 30927 | Elf:3    | Killed from afar by a deep elf mage

Vault maps used:
D:1:      giann_wishing_wells, minmay_box_of_dots
D:2:      chequers_temple_overflow_statue_of_worship, uniq_natasha, uniq_jessica
D:3:      lemuel_doored_altar, nicolae_overflow_crystal_walls
D:4:      tso_oasis_becter, nemelex_xobeh_ov_fountains_minmay,
          old_standard_altar, minmay_temple_entry_water_ring,
          uniq_blork_the_orc, uniq_sigmund, uniq_duvessa
D:5:      serial_shops, shop, first_ration, minmay_misc_feat_five, uniq_ijyb
D:6:      black_bear_nest_1, vehumet_altar_wand_db
D:7:      overflow_temple_1_default, the_bakery
D:8:      lair_entry_dummy
D:9:      nicolae_ru_path_of_blood, serial_bayou, serial_bayou_pond_e,
          serial_bayou_pond_d, serial_bayou_pond_e, serial_bayou_lake_a,
          minivault_4, grunt_qazlal_sundering
D:10:     basic_altar, uniq_fannar, uniq_sonja, uniq_nergalle, uniq_psyche
D:11:     cheibrodos_fzero, special_room
Temple:   zaba_magenta_temple
Lair:1:   minivault_23, grunt_megastairs_5, uniq_joseph
Lair:2:   guppyfry_snake_entry_garden, lemuel_centaur_altar,
          minmay_lair_oklob_chamber, uniq_erica
Lair:3:   minmay_another_anthill
Lair:4:   shoals_dummy_entry, portal_ice_cave_demonic_guard, lemuel_fruit_tree,
          serial_bayou_shore_b
Lair:5:   beast_lair_carwin_large_3, minmay_slime_entry_jelly_boxes, basic_altar
Lair:6:   minmay_lair_end_frog_pond
Orc:1:    basic_altar, serial_shops, shop, shop, shop, trog_book
Orc:2:    st_orc_ogre_mass, basic_altar, uniq_urug
Elf:1:    minmay_elf_arrival_plus, portal_desolation_entry_nicolae_slug,
          basic_altar, evilmike_minifort
Elf:2:    ebering_ghost_rock_garden, uniq_donald, uniq_nikola
Elf:3:    elf_hall
IceCv:    ice_cave_small_giant

Skill      XL: |  1  2  3  4  5  6  7  8  9 10 11 12 13 14 15 16 17 |
---------------+----------------------------------------------------+-----
Dodging        | 5 6 7 8 9 11 12 13 14 16 16 18 | 18.9
Short Blades   | 4 7 8 10 10 | 10.0
Fighting       | 3 4 6 8 10 12 13 14 15 | 15.2
Stealth        | 4 7 8 10 10 | 10.0
Evocations     | 10 10 | 10.0
Spellcasting   | 2 8 8 |  8.0
Hexes          | 2 8 8 |  8.0
Shields        | 5 7 7 |  7.2

Action                   |  1- 3 |  4- 6 |  7- 9 | 10-12 | 13-15 | 16-18 || total
-------------------------+-------+-------+-------+-------+-------+-------++-------
Melee: Whip              |    78 |    85 |    72 |       |       |       ||   235
       Short sword       |     4 |       |       |       |       |       ||     4
       Dagger            |       |       |   364 |   918 |  1441 |   284 ||  3007
 Fire: Blowgun           |       |       |     9 |       |       |       ||     9
 Cast: Cause Fear        |       |       |       |       |     3 |       ||     3
Invok: Sacrifice Arcana  |       |       |       |     1 |       |       ||     1
       Sacrifice Durabil |       |       |       |     1 |       |       ||     1
       Power Leap        |       |       |       |     8 |     4 |       ||    12
       Sacrifice Drink   |       |       |       |     1 |       |       ||     1
       Sacrifice Love    |       |       |       |     1 |       |       ||     1
       Apocalypse        |       |       |       |       |    14 |     9 ||    23
       Draw Out Power    |       |       |       |       |     1 |       ||     1
       Reject Sacrifices |       |       |       |       |     1 |       ||     1
       Sacrifice Skill   |       |       |       |       |     1 |       ||     1
Evoke: Wand              |       |       |     1 |     8 |     2 |     8 ||    19
       Phial of floods   |       |       |       |       |     1 |     1 ||     2
  Use: Scroll            |     4 |     1 |     5 |     9 |    13 |     2 ||    34
       Potion            |       |     1 |     1 |       |       |       ||     2
 Stab: Sleeping          |     8 |     3 |    13 |    26 |    13 |     6 ||    69
       Distracted        |       |       |       |     7 |    18 |     5 ||    30
       Invisible         |       |       |       |     1 |     9 |     5 ||    15
       Paralysed         |       |       |       |       |    12 |     6 ||    18
  Eat: Ration            |       |       |     4 |     7 |     4 |     3 ||    18
Armor: Robe              |     2 |     2 |    16 |    18 |       |       ||    38
       Troll leather arm |       |       |       |     3 |    37 |     7 ||    47
Dodge: Dodged            |    77 |    68 |   368 |   497 |   687 |   117 ||  1814
Block: Buckler           |       |       |       |    27 |   312 |    55 ||   394

Table legend:
 A = Non-vault XP
 B = Vault XP
 C = Vault XP percentage of total XP
 D = Non-vault monster count
 E = Vault monster count
 F = Vault count percentage of total count
                 A         B        C        D         E       F
            +---------+---------+-------+---------+---------+-------
      Total |   78737 |  161956 |  67.3 |     528 |     380 |  41.9
            +---------+---------+-------+---------+---------+-------
        D:1 |     132 |       4 |   2.9 |      36 |       2 |   5.3
        D:2 |      34 |      72 |  67.9 |      15 |       2 |  11.8
        D:3 |     132 |       0 |   0.0 |      22 |       0 |   0.0
        D:4 |     627 |     500 |  44.4 |      31 |       4 |  11.4
        D:5 |    1100 |      39 |   3.4 |      29 |       1 |   3.3
        D:6 |     505 |     133 |  20.8 |       9 |       2 |  18.2
        D:7 |     225 |     220 |  49.4 |      13 |       1 |   7.1
        D:8 |    3017 |       0 |   0.0 |      34 |       0 |   0.0
        D:9 |    2059 |       0 |   0.0 |      29 |       0 |   0.0
       D:10 |    2517 |    2052 |  44.9 |      20 |       3 |  13.0
       D:11 |    3155 |    5789 |  64.7 |      38 |      40 |  51.3
     Temple |       5 |       0 |   0.0 |       1 |       0 |   0.0
     Lair:1 |    4686 |    1084 |  18.8 |      19 |       3 |  13.6
     Lair:2 |    5118 |    2245 |  30.5 |      23 |       9 |  28.1
     Lair:3 |    4897 |    1694 |  25.7 |      22 |      19 |  46.3
     Lair:4 |    4435 |     489 |   9.9 |      14 |       2 |  12.5
     Lair:5 |    3536 |    3783 |  51.7 |      17 |      26 |  60.5
     Lair:6 |   16264 |   10836 |  40.0 |      54 |      48 |  47.1
      Orc:1 |    2022 |       0 |   0.0 |      22 |       0 |   0.0
      Orc:2 |    5353 |   19254 |  78.2 |      45 |      39 |  46.4
      Elf:1 |    6156 |    1770 |  22.3 |      10 |       3 |  23.1
      Elf:2 |    5695 |   28120 |  83.2 |      10 |      32 |  76.2
      Elf:3 |    7067 |   28448 |  80.1 |      15 |      20 |  57.1
      IceCv |       0 |    9152 | 100.0 |       0 |      34 | 100.0
 Desolation |       0 |   46272 | 100.0 |       0 |      90 | 100.0
            +---------+---------+-------+---------+---------+-------
